 Dungeon Crawl Stone Soup version 0.32-a0-355-ged53ad6fd3 (webtiles) character file.

Game seed: 9799664569336932982

17513990 mn3067 the Heavyweight Champion (level 27, 323/323 HPs)
             Began as a Troll Fighter on Feb 17, 2024.
             Was the Champion of Wu Jian.
             Escaped with the Orb
             ... and 15 runes on Feb 18, 2024!
             The game lasted 04:55:49 (88701 turns).

mn3067 the Heavyweight Champion (Troll Fighter)    Turns: 88701, Time: 04:55:49

Health: 323/323    AC: 48    Str: 38    XL:     27
Magic:  24/24      EV: 16    Int:  8    God:    Wu Jian [******]
Gold:   13985      SH: 31    Dex: 15    Spells: 26/26 levels left

rFire   + +          +
                       - Unarmed
rCold   + + +        L - +6 tower shield {rF+}
rNeg    + + +        a - +12 gold dragon scales
rPois   ∞            E - +0 mask of the Dragon {Will+ Slay+3 SInv}
rElec   +            O - +2 cloak {rCorr}
rCorr   +            (gloves unavailable)
SInv    +            (boots unavailable)
Will    +++++        p - amulet "Bofekor" {*Slow rElec Will+++ Regen+ SInv} Stlth
                     z - ring "Sihybig" {+Blink rF+ rC+ rN+}
HPRegen 2.33/turn    C - ring of Xom's Full Attention {rN+ Will+ AC+4 Str+6}
MPRegen 0.19/turn

%: slow self (1%)
@: death-form, studying 4 skills
A: vile attack, torment immunity, no potions, large, unfitting armour, claws 3,
regeneration 1, shaggy fur 1, tough skin 1, high MP 1, inability to drink after
injury 1
0: Orb of Zot
}: 15/15 runes: decaying, serpentine, slimy, silver, golden, iron, obsidian,
icy, bone, abyssal, demonic, glowing, magical, fiery, dark
a: Siphon Essence, Begin Untransformation, Renounce Religion, Evoke Blink, Wall
Jump, Serpent's Lash, Heavenly Storm


You escaped.
You worshipped Wu Jian.
Wu Jian was exalted by your worship.
You were an undying horror.
You visited 18 branches of the dungeon, and saw 87 of its levels.
You visited Pandemonium 1 time, and saw 26 of its levels.
You visited the Abyss 1 time.
You visited 1 bazaar.
You visited 1 ziggurat, and saw 7 of its levels.
You also visited: Ossuary, Gauntlet and Volcano.

You collected 19203 gold pieces.
You spent 5218 gold pieces at shops.

Inventory:

Missiles
 S - 25 javelins (quivered)
 X - 193 large rocks
Armour
 a - +12 gold dragon scales (worn)
 w - the +0 tower shield "Sopach" {-Cast rN+ Regen+ Dex+7}
   (You took it off a daeva in Pandemonium)

   Dex+7:     It affects your dexterity (+7).
   rN+:       It protects you from negative energy.
   -Cast:     It prevents spellcasting.
   Regen+:    It increases your rate of health regeneration.
 E - the +0 mask of the Dragon (worn) {Will+ Slay+3 SInv}
   (You acquired it on level 5 of the Realm of Zot)

   Slay+3:    It affects your accuracy & damage with ranged weapons and melee
   (+3).
   Will+:     It increases your willpower.
   SInv:      It lets you see invisible.
 L - a +6 tower shield of fire resistance (worn)
 N - a +2 hat
 O - a +2 cloak of preservation (worn)
 P - the +1 cloak of Starlight {*Dazzle EV+4 Stlth--}
   (You found it on level 7 of Tartarus)

   *Dazzle:   It may blind those who miss an attack against the wearer in melee
   combat.
   EV+4:      It affects your evasion (+4).
   Stlth--:   It makes you much less stealthy.
Jewellery
 k - the amulet of Spite {rN++ Regen+ rCorr}
   (You bought it in a shop on level 2 of the Vaults)

   [amulet of regeneration]

   rN++:      It greatly protects you from negative energy.
   Regen+:    It increases your rate of health regeneration.
   rCorr:     It protects you from acid and corrosion.
 p - the amulet "Bofekor" (around neck) {*Slow rElec Will+++ Regen+ SInv}
   (You found it on level 3 of the Crypt)

   [amulet of regeneration]

   rElec:     It insulates you from electricity.
   Will+++:   It greatly increases your willpower.
   SInv:      It lets you see invisible.
   Regen+:    It increases your rate of health regeneration.
   *Slow:     It may slow you when you take damage.
 z - the ring "Sihybig" (left claw) {+Blink rF+ rC+ rN+}
   (You found it on level 3 of the Elven Halls)

   [ring of protection from cold]

   rF+:       It protects you from fire.
   rC+:       It protects you from cold.
   rN+:       It protects you from negative energy.
   +Blink:    It lets you blink.
 C - the ring of Xom's Full Attention (right claw) {rN+ Will+ AC+4 Str+6}
   (You acquired it on level 3 of the Crypt)

   [ring of protection]

   AC+4:      It affects your AC (+4).
   Str+6:     It affects your strength (+6).
   rN+:       It protects you from negative energy.
   Will+:     It increases your willpower.
 J - the ring of Zoac {rC+ Will+ Str+3}
   (You acquired it on level 3 of the Swamp)

   [ring of protection from cold]

   Str+3:     It affects your strength (+3).
   rC+:       It protects you from cold.
   Will+:     It increases your willpower.
 R - the ring of Ewuxtacs {rElec rC+ EV+5}
   (You took it off a seraph in Pandemonium)

   [ring of evasion]

   EV+5:      It affects your evasion (+5).
   rC+:       It protects you from cold.
   rElec:     It insulates you from electricity.
 T - the ring of Birdsong {Fly Str+3 Int+2}
   (You found it in Pandemonium)

   [ring of flight]

   Str+3:     It affects your strength (+3).
   Int+2:     It affects your intelligence (+2).
   Fly:       It grants you flight.
 Z - the ring of Lypn {rF+ rN+ Dex+6}
   (You found it on level 3 of the Tomb of the Ancients)

   [ring of dexterity]

   Dex+6:     It affects your dexterity (+6).
   rF+:       It protects you from fire.
   rN+:       It protects you from negative energy.
Talismans
 b - a talisman of death (active)
 V - a granite talisman
Wands
 n - a wand of mindburst (105)
 s - a wand of acid (56)
 v - a wand of charming (97)
 A - a wand of flame (198)
 I - a wand of iceblast (80)
 K - a wand of polymorph (52)
 U - a wand of digging (32)
Scrolls
 d - 14 scrolls of poison
 f - 22 scrolls of teleportation
 o - 21 scrolls of fog
 y - 11 scrolls of revelation
 B - 8 scrolls of blinking
 D - 6 scrolls of butterflies
 G - 12 scrolls of immolation
 W - 6 scrolls of fear
 Y - 8 scrolls of silence
Potions
 c - 21 potions of might
 e - 18 potions of haste
 g - 9 potions of cancellation
 h - 6 potions of resistance
 i - 6 potions of invisibility
 j - 18 potions of heal wounds
 l - 58 potions of curing
 q - 4 potions of berserk rage
 x - 21 potions of mutation
 H - 4 potions of ambrosia
 M - 12 potions of enlightenment
Miscellaneous
 m - a sack of spiders
 r - a phantom mirror
 t - a figurine of a ziggurat
 u - a tin of tremorstones (2/2)
 F - a lightning rod (4/4)
 Q - a phial of floods


   Skills:
 O Level 27 Fighting
 O Level 27 Armour
 + Level 22.6 Dodging
 O Level 27 Shields
 O Level 27 Unarmed Combat
 - Level 6.8 Evocations
 O Level 27 Shapeshifting


You had 26 spell levels left.
You didn't know any spells.
Your spell library contained the following spells:

 Spells                   Type           Power      Damage    Failure   Level
 Apportation              Tloc           0%         N/A       86%         1
 Freeze                   Ice            0%         1d3       86%         1
 Kiss of Death            Conj/Necr      0%         2d5       86%         1
 Magic Dart               Conj           0%         1d3       86%         1
 Necrotise                Necr           0%         1d4       86%         1
 Sandblast                Erth           0%         2d4       86%         1
 Shock                    Conj/Air       0%         1d3       86%         1
 Slow                     Hex            0%         N/A       86%         1
 Sting                    Conj/Alch      0%         1d3       86%         1
 Summon Small Mammal      Summ           0%         N/A       86%         1
 Blink                    Tloc           0%         N/A       94%         2
 Call Imp                 Summ           0%         N/A       94%         2
 Cigotuvi's Dreadful Rot  Necr/Alch/Air  0%         N/A       94%         2
 Ensorcelled Hibernation  Hex/Ice        0%         N/A       94%         2
 Jinxbite                 Hex            0%         N/A       94%         2
 Lesser Beckoning         Tloc           0%         N/A       94%         2
 Mercury Vapours          Alch/Air       0%         N/A       94%         2
 Momentum Strike          Conj/Tloc      0%         3d8       94%         2
 Scorch                   Fire           0%         2d5       94%         2
 Searing Ray              Conj           0%         2d4       94%         2
 Static Discharge         Conj/Air       0%         3-3/arc   94%         2
 Sublimation of Blood     Necr           0%         N/A       94%         2
 Call Canine Familiar     Summ           0%         N/A       99%         3
 Confusing Touch          Hex            0%         N/A       99%         3
 Dazzling Flash           Conj/Hex       0%         N/A       99%         3
 Frozen Ramparts          Ice            0%         1d1       99%         3
 Fugue of the Fallen      Necr           0%         N/A       99%         3
 Gell's Gravitas          Tloc           0%         N/A       99%         3
 Hailstorm                Conj/Ice       0%         3d5       99%         3
 Inner Flame              Hex/Fire       0%         N/A       99%         3
 Mephitic Cloud           Conj/Alch/Air  0%         N/A       99%         3
 Ozocubu's Armour         Ice            0%         N/A       99%         3
 Passwall                 Erth           0%         N/A       99%         3
 Sigil of Binding         Hex            0%         N/A       99%         3
 Stone Arrow              Conj/Erth      0%         3d7       99%         3
 Summon Ice Beast         Ice/Summ       0%         N/A       99%         3
 Swiftness                Air            0%         N/A       99%         3
 Teleport Other           Tloc           0%         N/A       99%         3
 Tukima's Dance           Hex            0%         N/A       99%         3
 Vampiric Draining        Necr           0%         2d6       99%         3
 Volatile Blastmotes      Fire/Tloc      0%         2d10      99%         3
 Airstrike                Air            0%         2d(0-16)  100%        4
 Anguish                  Hex/Necr       0%         N/A       100%        4
 Animate Armour           Summ/Erth      0%         N/A       100%        4
 Animate Dead             Necr           0%         N/A       100%        4
 Brom's Barrelling Bould  Conj/Erth      0%         2d3       100%        4
 Cause Fear               Hex            0%         N/A       100%        4
 Dimensional Bullseye     Hex/Tloc       0%         N/A       100%        4
 Dispel Undead            Necr           0%         3d6       100%        4
 Flame Wave               Conj/Fire      0%         2d4       100%        4
 Fulminant Prism          Conj/Alch      0%         3d5       100%        4
 Ignite Poison            Fire/Alch      0%         N/A       100%        4
 Iskenderun's Mystic Bla  Conj/Tloc      0%         2d3       100%        4
 Leda's Liquefaction      Alch/Erth      0%         N/A       100%        4
 Manifold Assault         Tloc           0%         N/A       100%        4
 Martyr's Knell           Necr/Summ      0%         N/A       100%        4
 Olgreb's Toxic Radiance  Alch           0%         N/A       100%        4
 Passage of Golubria      Tloc           0%         N/A       100%        4
 Sticky Flame             Fire/Alch      0%         2d4       100%        4
 Summon Blazeheart Golem  Fire/Summ      0%         N/A       100%        4
 Summon Lightning Spire   Summ/Air       0%         N/A       100%        4
 Vhi's Electric Charge    Tloc/Air       0%         N/A       100%        4
 Alistair's Intoxication  Alch           0%         N/A       100%        5
 Arcjolt                  Conj/Air       0%         1d10      100%        5
 Borgnjor's Vile Clutch   Necr/Erth      0%         N/A       100%        5
 Curse of Agony           Necr           0%         N/A       100%        5
 Fireball                 Conj/Fire      0%         3d3       100%        5
 Freezing Cloud           Conj/Ice/Air   0%         6-21      100%        5
 Irradiate                Conj/Alch      0%         3d11      100%        5
 Iskenderun's Battlesphe  Conj           0%         2d6       100%        5
 Lee's Rapid Deconstruct  Erth           0%         3d4*      100%        5
 Silence                  Hex/Air        0%         N/A       100%        5
 Summon Forest            Summ/Tloc      0%         N/A       100%        5
 Summon Mana Viper        Hex/Summ       0%         N/A       100%        5
 Yara's Violent Unravell  Hex/Alch       0%         3d3       100%        5
 Bombard                  Conj/Erth      0%         9d1       100%        6
 Conjure Ball Lightning   Conj/Air       0%         3x3d6     100%        6
 Death Channel            Necr           0%         N/A       100%        6
 Dispersal                Tloc           0%         N/A       100%        6
 Eringya's Noxious Bog    Alch           0%         4d6       100%        6
 Plasma Beam              Fire/Air       0%         2x1d10    100%        6
 Sculpt Simulacrum        Ice/Alch       0%         N/A       100%        6
 Starburst                Conj/Fire      0%         6d3       100%        6
 Summon Cactus Giant      Summ           0%         N/A       100%        6
 Enfeeble                 Hex            0%         N/A       100%        7
 Haunt                    Necr/Summ      0%         N/A       100%        7
 Monstrous Menagerie      Summ           0%         N/A       100%        7
 Orb of Destruction       Conj           0%         9d5       100%        7
 Ozocubu's Refrigeration  Ice            0%         4d7       100%        7
 Spellforged Servitor     Conj/Summ      0%         N/A       100%        7
 Summon Hydra             Summ           0%         N/A       100%        7
 Borgnjor's Revivificati  Necr           0%         N/A       100%        8
 Discord                  Hex            0%         N/A       100%        8
 Disjunction              Tloc           0%         N/A       100%        8
 Ignition                 Fire           0%         3d3       100%        8
 Infestation              Necr           0%         N/A       100%        8
 Maxwell's Capacitive Co  Air            0%         ∞         100%        8
 Chain Lightning          Conj/Air       0%         N/A       100%        9
 Death's Door             Necr           0%         N/A       100%        9
 Dragon's Call            Summ           0%         N/A       100%        9
 Fire Storm               Conj/Fire      0%         5d1       100%        9
 Polar Vortex             Ice            0%         N/A       100%        9
 Shatter                  Erth           0%         3d5*      100%        9


Dungeon Overview and Level Annotations

Branches:
Dungeon (15/15)            Temple (1/1) D:6            Lair (5/5) D:11
  Swamp (4/4) Lair:2        Snake (4/4) Lair:2        Slime (5/5) Lair:5
    Orc (2/2) D:11            Elf (3/3) Orc:2        Vaults (5/5) D:14
  Crypt (3/3) Vaults:2       Tomb (3/3) Crypt:3      Depths (4/4) D:15
   Hell (visited)             Dis (7/7) Hell            Geh (7/7) Hell
    Coc (7/7) Hell            Tar (7/7) Hell            Zot (5/5) Depths:4
Ossuary (visited)         Volcano (visited)         Gauntlet (visited)

Altars:
Ashenzari
Cheibriados
Dithmenos
Elyvilon
Fedhas
Gozag
Hepliaklqana
Kikubaaqudgha
Makhleb
Nemelex Xobeh
Okawaru
Qazlal
Ru
Sif Muna
Trog
Uskayaw
Vehumet
Wu Jian
Xom
Yredelemnul
Zin
The Shining One
Beogh
Jiyva

Shops:
D:4 *   D:8 (   D:12 =   Orc:2 ![:(   Elf:1 *!*   Snake:3 :==   Vaults:1 (
Vaults:2 *=[=   Vaults:3 (   Vaults:4 *   Vaults:5 =

Portals:
Hell: Depths:1 Depths:2 Depths:3 Depths:4
Abyss: Depths:3
Pandemonium: Depths:2

Annotations:
Zot:4 2 transporters, exclusion: obsidian statue


Innate Abilities, Weirdness & Mutations

You are an undying horror.
Your melee and unarmed attacks drain, slow and weaken victims.
You are immune to unholy pain and torment.
You cannot drink.
You are immune to poison.
You are too large for most types of armour.
You have claws for hands.
Your natural rate of healing is unusually fast.
You are covered in fur. (AC +1)
You have tough skin. (AC +1)
You have an increased reservoir of magic. (+10% MP)
You occasionally lose the ability to drink potions when taking damage.


Message History

You closely miss the sun demon.
The sun demon shouts!
You mangle the sun demon!!
The sun demon decays.
The sun demon is moderately wounded.
You eviscerate the sun demon!!!!
You kill the sun demon!
The Council accepts your kill.
You lunge at the balrug, in a flurry of attacks.
You eviscerate the balrug!!!
The balrug decays.
The balrug is severely wounded.
You eviscerate the balrug!!!
You kill the balrug!
The Council accepts your kill.
There is an open door here.
You see here a +0 demon whip of flaming.
You completely miss the sun demon. You block the sun demon's attack.
You eviscerate the sun demon!!!!
You kill the sun demon!
The Council accepts your kill.
No target in view!
No target in view!
There is an open door here.
HP restored.
There is a stone staircase leading up here.
You climb upwards.
There is a stone staircase leading down here.
A soul eater comes into view.
There is a dry fountain here.
You mangle the soul eater!!
The soul eater decays.
The soul eater is moderately wounded.
You mangle the soul eater!!
The soul eater decays.
The soul eater is severely wounded.
You eviscerate the soul eater!!!!
You kill the soul eater!
The Council accepts your kill.
No target in view!
No target in view!
There is a dry fountain here.
There is a staircase leading out of the dungeon here.
You have escaped!

#.# #......⌠.......⌠......##.###
#.#####...................###....
......##..⌠...⌠...⌠...⌠..##.#####
#.#######...............###.# #
...####.##.⌠....⌠....⌠.## #.# #
.....##..##........)..## #.# #
...#......##..⌠...⌠..## #.# #
##########.##....(..## #.#
#.###..z..## #.# #.# ##.>.## #.#
#.# ###### #.# #.# #.# #.# #.#
#.# #.##### #.# #.# #.#....
##.###.# #.#.### ##...##.#
#.#.... #.......# #.#..##


There were no monsters in sight!

Vanquished Creatures
  Cerebov (Pan)
  Asmodeus (Geh:7)
  Antaeus (Coc:7)
  Mnoleg (Pan)
  the Royal Jelly (Slime:5)
  Gloorx Vloq (Pan)
  Ereshkigal (Tar:7)
  the Serpent of Hell (Dis:7)
  A seraph (Pan)
  Lom Lobon (Pan)
  Dispater (Dis:7)
  6 dread liches
  Mara (Depths:1)
  22 pandemonium lords
  7 ancient liches
  5 orbs of fire
  Xtahua (Crypt:2)
  Mennas (Pan)
  5 juggernauts
  33 royal mummies
  Vv (Depths:3)
  Boris (Tomb:3)
  5 Killer Klowns (Zot:5)
  Bai Suzhen (Depths:1)
  4 curse toes
  3 shard shrikes (Coc:5)
  Margery (Crypt:3)
  Saint Roka (Crypt:2)
  14 caustic shrikes
  12 golden dragons
  Geryon (Hell)
  24 profane servitors
  Jory (Vaults:4)
  2 pearl dragons (Pan)
  11 bone dragons
  Norris (Vaults:4)
  Nikola (Swamp:3)
  26 Tzitzimimeh
  3 electric golems (Zot:5)
  9 doom hounds
  21 Brimstone Fiends
  A spectral shard shrike (Tar:2)
  5 iron giants (Dis:7)
  9 hellephants
  22 tentacled monstrosities
  2 shard shrike zombies (Crypt:3)
  Jorgrun (Elf:2)
  Rupert (Orc:2)
  24 Hell Sentinels
  A walking crystal tome (Depths:3)
  20 tainted leviathans
  25 Ice Fiends
  Mlioglotl (Snake:2)
  9 liches
  11 quicksilver dragons
  Asterion (Depths:1)
  2 deep elf master archers (Elf:3)
  16 acid blobs
  A deep elf blademaster (Elf:3)
  32 Orb Guardians
  A walking divine tome (Depths:2)
  15 searing wretches
  3 walking frostbound tomes (Pan)
  8 death cobs
  15 sphinxes
  58 Executioners (Pan)
  15 titans
  Kirke (Lair:4)
  25 ancient champions
  4 tentacled starspawn
  3 thorn hunters
  The ghost of Struensee the Minotaur Blade, an adept MiBe of Trog (Elf:2)
  9 revenants
  Frances (Swamp:2)
  16 storm dragons
  4 shadow dragons
  Roxanne (Swamp:1)
  Donald (Snake:3)
  9 rockslimes
  8 nagarajas
  A fenstrider witch (Pan)
  Aizul (Elf:2)
  Agnes (Snake:1)
  15 fire giants
  6 tengu reavers
  18 daevas (Pan)
  20 demonspawn warmongers (Pan)
  31 azure jellies
  5 draconian knights
  2 frost giants (shapeshifter) (Zig:4)
  4 draconian monks
  8 protean progenitors
  21 vault wardens
  17 iron dragons
  3 draconian shifters
  17 frost giants
  31 narguns
  55 balrugs
  11 quicksilver elementals
  12 ghouls
  6 draconian scorchers
  11 deep elf sorcerers
  2 ghost moths
  5 caustic shrike zombies
  5 deep elf elementalists
  5 curse skulls
  3 spectral caustic shrikes
  10 shard shrike simulacra
  A spectral juggernaut (Tar:6)
  13 quicksilver oozes
  34 angels (Pan)
  23 ironbound preservers
  3 formless jellyfish
  23 demonspawn corrupters (Pan)
  23 cacodemons
  3 spriggan defenders
  14 ophanim
  44 reapers
  A juggernaut zombie (Hell)
  5 draconian stormcallers
  25 stone giants
  6 ironbound thunderhulks
  6 caustic shrike skeletons
  5 juggernaut skeletons (Pan)
  5 vampire knights
  27 elemental wellsprings
  A rockslime zombie (Crypt:2)
  10 draconian annihilators
  18 very ugly things
  11 green draconians
  27 apis (Pan)
  Nessos (D:14)
  25 demonspawn blood saints (Pan)
  2 bunyips (Swamp:4)
  27 putrid mouths
  23 wendigos
  25 demonspawn black suns (Pan)
  6 deep elf death magi
  9 deep elf annihilators
  5 eleionomae
  24 lorocyprocas
  A deep elf demonologist (Elf:3)
  13 dire elephants
  A minotaur (Gauntlet)
  4 spark wasps
  12 purple draconians
  5 white draconians
  15 black draconians
  18 bennus (Tomb:3)
  2 spectral titans
  39 war gargoyles
  8 red draconians
  13 yellow draconians
  10 eidola
  25 mummy priests
  36 blizzard demons
  3 merfolk javelineers
  14 iron golems
  18 ettins
  2 shambling mangroves (Swamp:4)
  23 green deaths
  A quicksilver dragon zombie (Crypt:3)
  12 jiangshi
  A merfolk impaler (Depths:1)
  Josephine (Lair:5)
  4 spectral spriggans
  5 deep elf high priests
  15 fire dragons
  18 salamander tyrants
  17 yaktaur captains
  2 spectral iron giants
  A spectral fenstrider witch (Tar:2)
  14 ice dragons
  The ghost of hitsuchi the Basher, a journeyman MDCA of Ignis (D:13)
  9 spriggan zombies
  9 rakshasas
  8 caustic shrike simulacra
  5 great orbs of eyes
  A peacekeeper (Vaults:3)
  12 alligators
  12 hydras
  37 vault guards
  13 hell beasts
  3 anacondas
  An ogre mage (Abyss:3)
  7 centaur warriors
  3 catoblepae
  A spriggan skeleton (Crypt:2)
  6 death knights
  A sphinx zombie (Hell)
  2 juggernaut simulacra (Coc:7)
  A satyr (shapeshifter) (D:15)
  5 boulder beetles
  6 stokers
  2 two-headed ogres (shapeshifter) (Vaults:5)
  The ghost of qwarkbark the Cleaver, a novice MiFi of Okawaru (D:10)
  39 dancing weapons
  5 spriggan air magi
  3 jorogumos
  11 ironbound frosthearts
  2 two-headed ogres
  An Orb Guardian skeleton (Crypt:2)
  12 deep troll shamans
  6 vampire magi
  10 naga warriors
  5 death yaks
  58 hell hogs
  10 naga sharpshooters
  5 orc high priests
  30 death scarabs
  3 spriggan berserkers
  A spectral dire elephant (Tar:1)
  A sphinx skeleton (D:15)
  4 tengu warriors
  22 demonic crawlers (Pan)
  3 thrashing horrors (Abyss:1)
  21 hell knights
  2 titan zombies (Crypt:3)
  Urug (Lair:1)
  5 deep troll earth magi
  9 shock serpents
  79 soul eaters
  11 spriggans
  7 deep elf knights
  6 holy swine (Pan)
  9 crystal echidnas
  2 storm dragon zombies
  41 skeletal warriors
  5 fire crabs
  8 iron trolls
  A shadow wraith (Crypt:2)
  6 wretched stars
  162 sun demons
  42 sixfirhies
  3 goliath frogs
  7 skysharks
  A sea snake (shapeshifter) (Vaults:5)
  A ghost moth zombie (Crypt:1)
  A golden dragon zombie (Depths:1)
  A titan skeleton (Crypt:1)
  7 salamander mystics
  2 sea snakes (Snake:1)
  A storm dragon skeleton (D:15)
  16 cherubim (Pan)
  5 spectral anacondas
  33 shadow demons
  A bunyip zombie (Tomb:1)
  7 swamp dragons
  6 spriggan druids
  A death drake (Abyss:3)
  3 spectral hydras (Swamp:4)
  67 deep trolls
  3 glowing orange brains
  An orange crystal statue (Zot:5)
  20 ironbound convokers
  5 naga ritualists
  3 hellephant skeletons (Pan)
  A deep troll (shapeshifter) (Depths:2)
  An elf simulacrum (Hell)
  4 bog bodies
  5 spriggan simulacra
  7 lindwurms
  6 arcanists
  10 mana vipers
  5 quicksilver dragon simulacra
  6 sun moths (Pan)
  14 deep elf archers
  13 flayed ghosts
  28 phantasmal warriors
  4 harpies (Vaults:1)
  16 deep elf pyromancers
  10 orc knights
  4 cyclopes
  4 orc sorcerers
  A draconian zombie (Crypt:3)
  A wolf spider (D:15)
  An iron dragon zombie (Depths:1)
  23 ugly things
  11 necromancers
  4 manticores
  2 stone giant zombies
  16 deep elf zephyrmancers
  2 frost giant zombies (Hell)
  8 shining eyes
  4 oklob plants
  7 will-o-the-wisps
  A toenail golem (D:6)
  21 salamanders
  3 spectral centaurs (Tar:2)
  4 Executioner simulacra (Pan)
  25 moths of wrath
  An iron dragon skeleton (Crypt:2)
  2 worldbinders
  3 kobold blastminers (Orc:2)
  A meliai (shapeshifter) (Abyss:3)
  2 apocalypse crabs
  A dire elephant zombie (Crypt:3)
  A centaur zombie (Crypt:3)
  17 elephants
  33 black mambas
  8 ice statues
  6 naga zombies
  A stone giant skeleton (Tomb:1)
  3 gargoyles
  34 orange demons
  20 naga magi
  7 eyes of devastation
  11 rust devils
  96 smoke demons
  7 titan simulacra
  An eleionoma skeleton (Crypt:2)
  2 storm dragon simulacra
  A moth of wrath (shapeshifter) (Vaults:5)
  18 molten gargoyles
  15 vault sentinels
  2 dire elephant skeletons
  A guardian serpent (Snake:2)
  A cane toad (shapeshifter) (D:13)
  An alligator snapping turtle zombie (Crypt:3)
  2 torpor snails (Pan)
  29 hellions
  85 large abominations
  22 cane toads
  4 unseen horrors
  2 rime drakes (Lair:5)
  9 spectral swamp worms (Tar:7)
  7 kobold demonologists
  A mana viper skeleton (Crypt:1)
  10 efreet
  8 komodo dragons
  Jeremiah (D:9)
  A minotaur zombie (Tomb:2)
  20 freezing wraiths
  A green draconian zombie (Crypt:2)
  41 yaktaurs
  24 tormentors
  5 anaconda simulacra
  An alligator snapping turtle skeleton (Crypt:2)
  Psyche (D:10)
  3 ancient zymes
  12 ice devils
  An iron giant simulacrum (Coc:5)
  3 silent spectres
  20 red devils (Pan)
  8 trolls
  A hydra zombie (Crypt:3)
  A sea snake skeleton (Snake:3)
  6 harpy zombies
  53 guardian mummies
  2 polar bears
  A golden dragon simulacrum (Coc:5)
  5 spectral harpies
  A bloated husk (Swamp:3)
  41 hellwings (Pan)
  13 hornets
  A queen bee (shapeshifter) (Abyss:1)
  27 blink frogs
  10 tyrant leeches
  7 raiju
  2 spectral guardian serpents (Snake:3)
  An iron dragon simulacrum (Coc:4)
  2 snapping turtles (Pan)
  A culicivora zombie (Crypt:1)
  7 glass eyes
  5 hydra skeletons (Swamp:4)
  A black mamba zombie (Crypt:2)
  2 ettin zombies
  114 slime creatures
  5 jumping spiders (Crypt:3)
  5 shadows (Gauntlet)
  A centaur simulacrum (Coc:1)
  10 dire elephant simulacra
  A spriggan (shapeshifter) (Elf:3)
  9 ushabtiu
  3 air elementals
  15 water elementals
  6 fire bats
  A vampire (Abyss:3)
  9 wraiths
  4 wyverns
  63 ynoxinuls
  6 basilisks
  A fire elemental (Abyss:1)
  10 golden eyes
  3 hogs (Lair:5)
  19 humans (D:14)
  4 alligator snapping turtle simulacra
  61 yaks
  22 starcursed masses (Abyss:3)
  3 wargs (Orc:2)
  A catoblepas simulacrum (Coc:1)
  68 neqoxecs
  6 steam dragons
  26 chaos spawn
  16 vampire mosquitoes
  3 redbacks (Crypt:3)
  2 human zombies
  2 sea snake simulacra (Snake:3)
  Menkaure (D:4)
  14 harpy simulacra
  27 nagas
  A tengu zombie (Hell)
  An acid dragon (D:11)
  10 swamp worms
  19 water moccasins
  3 glowing shapeshifter zombies
  3 hydra simulacra
  7 hell hounds
  3 guardian serpent simulacra (Snake:3)
  3 ice beasts
  18 orc warriors
  20 laughing skulls
  3 sky beasts
  2 swamp dragon zombies (Swamp:4)
  2 black bears
  A merfolk skeleton (Crypt:2)
  9 swamp drakes
  5 ettin simulacra
  A hornet zombie (Crypt:1)
  A black mamba simulacrum (Crypt:2)
  4 centaurs
  6 ogres
  8 boggarts
  2 swamp dragon skeletons
  7 wolves
  A fire crab zombie (Crypt:1)
  A rime drake zombie (Crypt:1)
  13 kobold brigands
  Blork the orc (D:5)
  A brain worm (Abyss:3)
  2 earth elementals
  3 scorpions
  2 gnoll sergeants
  4 weeping skulls
  11 bullfrogs
  7 naga simulacra
  A glowing shapeshifter simulacrum (Depths:3)
  5 small abominations
  8 wyvern skeletons
  13 wights (Crypt:3)
  A hornet simulacrum (D:14)
  11 killer bees
  7 spectral nagas
  3 electric eels
  10 howler monkeys
  A crimson imp (Abyss:3)
  3 quasits
  20 orc priests
  3 hounds (D:5)
  5 jellies
  A bombardier beetle (D:7)
  2 iron imps
  5 hell rats (Hell)
  2 iguanas
  24 orc wizards
  5 naga skeletons
  2 tengu skeletons
  A boggart simulacrum (D:15)
  57 mummies
  12 gnolls
  2 swamp drake zombies (Swamp:4)
  3 adders
  A swamp drake skeleton (Swamp:4)
  2 white imps
  2 ufetubi (D:6)
  2 ribbon worms (D:2)
  3 dart slugs
  69 orcs
  A bat skeleton (Crypt:1)
  7 endoplasms
  A giant cockroach (D:3)
  15 goblins
  9 hobgoblins
  8 quokkas
  9 ball pythons
  2 bats
  4 frilled lizards
  2 hobgoblin zombies (Ossuary)
  17 kobolds
  4 kobold zombies (Ossuary)
  2 orc zombies (Ossuary)
  4 rats
  4 aspiring fleshes
  A creeping inferno (Geh:7)
  A fire vortex (Geh:7)
  3 lurking horrors
  A spectral weapon (Depths:1)
  3 starspawn tentacles
4949 creatures vanquished.

Vanquished Creatures (collateral kills)
  A green death (Pan)
  A soul eater (Pan)
  A smoke demon (Pan)
  3 ball lightnings (Pan)
6 creatures vanquished.

Vanquished Creatures (others)
  An Ice Fiend (Zig:6)
  2 eldritch tentacles (Pan)
  A balrug (Pan)
  A shard shrike simulacrum (Coc:7)
  A demonspawn blood saint (Pan)
  A demonspawn corrupter (Pan)
  An eleionoma (Swamp:3)
  A wendigo (Coc:7)
  A caustic shrike simulacrum (Coc:7)
  An ogre mage (Abyss:3)
  A juggernaut simulacrum (Coc:6)
  An ironbound frostheart (Vaults:2)
  A dancing weapon (Pan)
  2 deep elf knights (Elf:3)
  A spriggan druid (Swamp:4)
  2 quicksilver dragon simulacra
  2 spriggan simulacra (Coc:6)
  3 titan simulacra
  An orange demon (Pan)
  A tormentor (Coc:1)
  A hydra zombie (Swamp:4)
  3 bloated husks
  A ynoxinul (Pan)
  3 dire elephant simulacra
  2 fire bats
  5 chaos spawn
  3 harpy simulacra
  An acid dragon (Abyss:3)
  2 naga simulacra (Coc:6)
  A hell rat (Hell)
  2 orc wizards (Orc:2)
  An ufetubus (Abyss:1)
  9 ball lightnings (Pan)
  A fire vortex (Geh:3)
  5 foxfires
  2 lurking horrors
  15 starspawn tentacles
83 creatures vanquished.

Grand Total: 5038 creatures vanquished

Notes
Turn   | Place    | Note
-------+----------+-------------------------------------------
     0 | D:1      | mn3067 the Troll Fighter began the quest for the Orb.
     0 | D:1      | Reached XP level 1. HP: 22/22 MP: 0/0
    72 | D:1      | Reached XP level 2. HP: 29/29 MP: 1/1
   332 | D:1      | Noticed a great orb of eyes
   333 | D:1      | Found a faded altar of an unknown god.
   337 | D:1      | Noticed a golden eye
   341 | D:1      | Noticed a shining eye
   341 | D:1      | Noticed an eye of devastation
   489 | D:1      | Reached XP level 3. HP: 36/36 MP: 2/2
  1005 | D:2      | Got the Textbook on the Caliginous Voyage
  1154 | D:2      | Reached XP level 4. HP: 44/44 MP: 3/3
  2359 | D:4      | Found Kyte's Assorted Antiques.
  2378 | D:4      | Noticed Menkaure
  2393 | D:4      | Found a sand-covered staircase.
  2398 | Ossuary  | Entered an ossuary
  2406 | Ossuary  | Reached XP level 5. HP: 51/52 MP: 4/4
  2680 | D:4      | Reached XP level 6. HP: 55/61 MP: 5/5
  2716 | D:4      | Killed Menkaure
  2732 | D:4      | Reached skill level 5 in Unarmed Combat
  2739 | D:4      | Reached XP level 7. HP: 21/67 MP: 6/6
  2864 | D:4      | Found a shimmering altar of Xom.
  2864 | D:4      | Identified the +9 dagger "Mextuzot" {freeze, rC+ Str+3
                  | Int+2}
  2873 | D:4      | Found a shimmering blue altar of Sif Muna.
  2980 | D:4      | You fall into a shaft and drop 3 floors!
  3139 | D:5      | Entered Level 5 of the Dungeon
  3240 | D:5      | Reached XP level 8. HP: 75/78 MP: 7/7
  3472 | D:5      | Noticed Blork the orc
  3486 | D:5      | Killed Blork the orc
  3595 | D:5      | Reached skill level 5 in Shields
  3636 | D:5      | Found an iron altar of Okawaru.
  4462 | D:6      | Found a staircase to the Ecumenical Temple.
  4631 | Temple   | Entered the Ecumenical Temple
  4767 | D:6      | Found a white marble altar of Elyvilon.
  4986 | D:7      | Reached skill level 5 in Dodging
  5075 | D:7      | Reached XP level 9. HP: 87/87 MP: 8/8
  5080 | D:7      | Reached skill level 5 in Fighting
  5384 | D:7      | Found a roughly hewn altar of Beogh.
  5795 | D:8      | Found Nemuew's Antique Weapon Boutique.
  6142 | D:8      | Reached XP level 10. HP: 98/98 MP: 9/9
  6497 | D:9      | Found a hide-covered altar of Uskayaw.
  6503 | D:9      | Found an ornate altar of the Wu Jian Council.
  6517 | D:9      | Noticed Jeremiah
  6519 | D:9      | Became a worshipper of the Wu Jian Council
  6537 | D:9      | Killed Jeremiah
  6538 | D:9      | Reached skill level 1 in Shapeshifting
  6723 | D:9      | Found a hazy altar of Hepliaklqana.
  6816 | D:9      | Reached skill level 10 in Unarmed Combat
  6843 | D:9      | Found a blossoming altar of Fedhas.
  6992 | D:10     | Entered Level 10 of the Dungeon
  7166 | D:10     | Noticed Psyche
  7171 | D:10     | Reached * piety under Wu Jian
  7174 | D:10     | Killed Psyche
  7203 | D:10     | Noticed a +1 scimitar of chaos
  7204 | D:10     | Noticed qwarkbark's ghost (novice MiFi)
  7205 | D:10     | Found a runed translucent door.
  7205 | D:10     | Found a shimmering altar of Xom.
  7510 | D:10     | Found a radiant altar of Vehumet.
  7510 | D:10     | Found a broken altar of Ashenzari.
  7780 | D:11     | Noticed a gargoyle
  7786 | D:11     | Killed a gargoyle
  7787 | D:11     | Reached XP level 11. HP: 83/107 MP: 10/10
  7828 | D:11     | Noticed an orc knight
  8021 | D:11     | Killed an orc knight
  8037 | D:11     | Found a staircase to the Orcish Mines.
  8162 | D:11     | Noticed a centaur warrior
  8168 | D:11     | Killed a centaur warrior
  8190 | D:11     | Found a staircase to the Lair.
  8337 | D:11     | Noticed a red ugly thing
  8339 | D:11     | Noticed a two-headed ogre
  8342 | D:11     | Killed a red ugly thing
  8346 | D:11     | Killed a two-headed ogre
  8679 | D:12     | Found Hiniom's Jewellery Shoppe.
  8759 | D:12     | Found a gate leading to a gauntlet.
  8759 | D:12     | Noticed a white ugly thing
  8816 | D:12     | Killed a white ugly thing
  8831 | Gauntlet | Entered a Gauntlet
  8831 | Gauntlet | Found a transporter.
  8855 | Gauntlet | Found a transporter.
  8865 | Gauntlet | Noticed a catoblepas
  8866 | Gauntlet | Found a transporter.
  8869 | Gauntlet | Found a transporter.
  8877 | Gauntlet | Found a transporter.
  8880 | Gauntlet | Noticed a ghost crab
  8893 | Gauntlet | Found a transporter.
  8904 | Gauntlet | Found a transporter.
  8911 | Gauntlet | Noticed a death scarab
  8911 | Gauntlet | Noticed a death scarab
  8913 | Gauntlet | Noticed a death yak
  8913 | Gauntlet | Noticed a necromancer
  8914 | Gauntlet | Noticed a death yak
  8914 | Gauntlet | Noticed a death yak
  8914 | Gauntlet | Noticed a death yak
  8915 | Gauntlet | Found a transporter.
  8915 | Gauntlet | Noticed a death yak
  8915 | Gauntlet | Noticed a death yak
  8939 | Gauntlet | Found a transporter.
  8953 | Gauntlet | Found a transporter.
  8954 | Gauntlet | Found a transporter.
  9011 | Gauntlet | Found a transporter.
  9011 | Gauntlet | Found a transporter.
  9083 | Gauntlet | Found a transporter.
  9101 | Gauntlet | Reached ** piety under Wu Jian
  9104 | Gauntlet | Noticed a naga warrior
  9104 | Gauntlet | Noticed a large abomination
  9110 | Gauntlet | Reached XP level 12. HP: 69/118 MP: 11/11
  9171 | Gauntlet | Killed a catoblepas
  9213 | Gauntlet | Reached skill level 5 in Shapeshifting
  9237 | Gauntlet | Identified the ring of Dithmenos's Favour {Str+6 Int+2
                  | Dex+3}
  9255 | Gauntlet | Identified the +3 war axe of the Many Visionaries {venom,
                  | MP+9 Int+8 Dex-3 SInv}
  9255 | Gauntlet | Noticed a minotaur
  9268 | Gauntlet | Killed a minotaur
  9469 | D:12     | Bought a granite talisman for 780 gold pieces
  9474 | D:12     | Noticed a boulder beetle
  9511 | D:12     | Killed a boulder beetle
  9519 | D:12     | Found a sacrificial altar of Ru.
  9775 | Lair:1   | Entered Level 1 of the Lair of Beasts
 10064 | Lair:1   | Noticed a catoblepas
 10076 | Lair:1   | Killed a catoblepas
 10207 | Lair:1   | Noticed Urug
 10213 | Lair:1   | Killed Urug
 10240 | Lair:1   | Reached *** piety under Wu Jian
 10556 | Lair:2   | Found a basalt altar of Yredelemnul.
 10652 | Lair:2   | Noticed an eight-headed hydra
 10662 | Lair:2   | Killed an eight-headed hydra
 10683 | Lair:2   | Reached XP level 13. HP: 127/127 MP: 12/12
 10836 | Lair:2   | Reached skill level 10 in Shapeshifting
 10838 | Lair:2   | Found a staircase to the Snake Pit.
 10887 | Lair:2   | Found a staircase to the Swamp.
 12535 | Lair:4   | Reached **** piety under Wu Jian
 12916 | Lair:5   | Entered Level 5 of the Lair of Beasts
 12989 | Lair:5   | Reached XP level 14. HP: 115/135 MP: 13/13
 13027 | Lair:5   | Found a dark tunnel.
 13037 | Volcano  | Entered a volcano
 13404 | Lair:5   | Reached skill level 15 in Shapeshifting
 13422 | Lair:5   | Reached ***** piety under Wu Jian
 13427 | Lair:5   | Noticed Kirke
 13543 | Lair:4   | Noticed a sphinx
 13543 | Lair:4   | Noticed a sphinx
 13546 | Lair:4   | Killed Kirke
 13566 | Lair:5   | Noticed Josephine
 13578 | Lair:5   | Killed Josephine
 13918 | Lair:5   | Found a staircase to the Slime Pits.
 13919 | Lair:5   | Found a viscous altar of Jiyva.
 13990 | Lair:5   | Found the +3 Elemental Staff {ele, rElec rF+ rC+ AC+3}
 14009 | Lair:5   | Identified the +4 hand axe "Uditaq" {venom, rF+ rN+ Stlth+}
 14262 | Orc:1    | Entered Level 1 of the Orcish Mines
 14648 | Orc:2    | Entered Level 2 of the Orcish Mines
 14734 | Orc:2    | Found a roughly hewn altar of Beogh.
 14774 | Orc:2    | Reached XP level 15. HP: 143/143 MP: 14/14
 14822 | Orc:2    | Found a staircase to the Elven Halls.
 14822 | Orc:2    | Noticed Rupert
 14834 | Orc:2    | Killed Rupert
 14838 | Orc:2    | Reached ****** piety under Wu Jian
 15075 | Orc:2    | Found Daugh's Armour Emporium.
 15075 | Orc:2    | Found Dehies's Distillery.
 15077 | Orc:2    | Found Ecvedeup's Weapon Emporium.
 15077 | Orc:2    | Found Ofov's Book Boutique.
 15930 | D:13     | Found a runed translucent gate.
 15930 | D:13     | Found a runed translucent gate.
 15930 | D:13     | Noticed hitsuchi's ghost (journeyman MDCA)
 15931 | D:13     | Found a runed translucent gate.
 16147 | D:13     | Killed hitsuchi's ghost
 16265 | D:14     | Noticed Nessos
 16465 | D:14     | Killed Nessos
 16869 | D:14     | Found a gate to the Vaults.
 16909 | D:14     | Identified the +1 war axe of Breach {venom, rPois rF- rN+
                  | Dex+2}
 17032 | D:15     | Entered Level 15 of the Dungeon
 17047 | D:15     | Found a staircase to the Depths.
 17073 | D:15     | Reached XP level 16. HP: 88/152 MP: 15/15
 17076 | D:15     | Reached skill level 10 in Shields
 17525 | D:15     | Reached skill level 15 in Unarmed Combat
 17962 | Snake:1  | Entered Level 1 of the Snake Pit
 18104 | Snake:1  | Noticed Agnes
 18109 | Snake:1  | Killed Agnes
 19150 | Snake:2  | Identified the +2 robe of the King of the Hill {rC+ Stlth+}
 19304 | Snake:2  | Noticed Mlioglotl
 19310 | Snake:2  | Killed Mlioglotl
 19727 | Snake:3  | Reached skill level 10 in Fighting
 19947 | Snake:3  | Noticed Donald
 19958 | Snake:3  | Killed Donald
 20013 | Snake:3  | Found Adafi's Book Shoppe.
 20013 | Snake:3  | Found Nutaschu's Jewellery Shop.
 20014 | Snake:3  | Found Pyruaq's Jewellery Shop.
 20034 | Snake:3  | Bought a talisman of death for 1520 gold pieces
 20266 | Snake:4  | Entered Level 4 of the Snake Pit
 20365 | Snake:4  | Reached XP level 17. HP: 166/166 MP: 16/16
 20808 | Snake:4  | Identified the +0 robe of Uquzat {+Inv Int-5 Dex+7
                  | Archmagi}
 20823 | Snake:4  | Got a serpentine rune of Zot
 21612 | Swamp:1  | Entered Level 1 of the Swamp
 21757 | Snake:3  | Bought a ring of resist corrosion for 380 gold pieces
 22258 | Swamp:1  | Noticed Roxanne
 22272 | Swamp:1  | Killed Roxanne
 22599 | Swamp:2  | Noticed Frances
 22607 | Swamp:2  | Killed Frances
 23101 | Swamp:3  | Identified the +8 quarterstaff of Foet {spect, rF+ Str+2}
 23123 | Swamp:3  | Identified a scroll of acquirement
 23124 | Swamp:3  | Acquired the ring of Zoac {rC+ Will+ Str+3}
 23174 | Swamp:3  | Noticed Nikola
 23180 | Swamp:3  | Killed Nikola
 23518 | Swamp:4  | Entered Level 4 of the Swamp
 23753 | Swamp:4  | Reached XP level 18. HP: 179/179 MP: 17/17
 24067 | Swamp:4  | Found a basalt altar of Yredelemnul.
 24078 | Swamp:4  | Got Bulust's Atlas of Red Company
 24086 | Swamp:4  | Got a decaying rune of Zot
 24290 | Swamp:4  | Found a blossoming altar of Fedhas.
 24554 | Vaults:1 | Entered Level 1 of the Vaults
 25316 | Vaults:1 | Found Foaticlu's Antique Weapon Shop.
 25766 | Vaults:2 | Found Eqypp's Armour Shoppe.
 25793 | Vaults:2 | Found Nealet's Jewellery Shoppe.
 26019 | Vaults:2 | You fall into a shaft and drop 2 floors!
 26072 | Vaults:4 | Found Qokelifi's General Store.
 26165 | Vaults:4 | Noticed Norris
 26166 | Vaults:4 | Reached XP level 19. HP: 189/189 MP: 18/18
 26168 | Vaults:4 | Noticed Jory
 26170 | Vaults:4 | Killed Jory
 26187 | Vaults:4 | Killed Norris
 26497 | Vaults:4 | Noticed an ancient lich
 26501 | Vaults:4 | Killed an ancient lich
 27402 | Vaults:3 | Found Zenah's Weapon Boutique.
 27530 | Vaults:3 | Found a flickering gateway to a bazaar.
 27554 | Bazaar   | Entered a bazaar
 27556 | Bazaar   | Found Abisoeq's Antique Weapon Boutique.
 27560 | Bazaar   | Found Olieg's Weapon Boutique.
 27560 | Bazaar   | Found Madey's Weapon Boutique.
 27561 | Bazaar   | Found Hiucom's Armour Boutique.
 28232 | Vaults:3 | Reached XP level 20. HP: 201/201 MP: 19/19
 28533 | Vaults:2 | Found Pisoistr Qawn's Jewellery Shop.
 28546 | Vaults:2 | Found Ipuito's General Store.
 28664 | Vaults:2 | Found a staircase to the Crypt.
 28672 | Vaults:2 | Paralysed by something for 5 turns
 29030 | Vaults:2 | Bought a potion of might for 88 gold pieces
 29197 | Vaults:2 | Bought the amulet of Spite {rN++ Regen+ rCorr} for 849 gold
                  | pieces
 29378 | Elf:1    | Entered Level 1 of the Elven Halls
 29452 | Elf:1    | Found Kistradam's Assorted Antiques.
 29459 | Elf:1    | Found Cith's Distillery.
 29479 | Elf:1    | Bought a scroll of teleportation for 78 gold pieces
 29479 | Elf:1    | Bought a scroll of teleportation for 78 gold pieces
 29491 | Elf:1    | Bought a potion of might for 68 gold pieces
 29885 | Elf:1    | Found Figa's Assorted Antiques.
 30230 | Elf:2    | Found a runed translucent gate.
 30231 | Elf:2    | Found a runed translucent gate.
 30231 | Elf:2    | Found a runed translucent gate.
 30278 | Elf:2    | Found a runed translucent door.
 30279 | Elf:2    | Noticed Struensee's ghost (adept MiBe)
 30279 | Elf:2    | Found the +4 robe of Folly {Brill Will-∞ Int+8}
 30322 | Elf:2    | Identified the serpent talisman of the Goldsmith {rElec rC+
                  | Str+2}
 30322 | Elf:2    | Noticed Aizul
 30332 | Elf:2    | Killed Aizul
 30526 | Elf:2    | Noticed Jorgrun
 30531 | Elf:2    | Killed Jorgrun
 31180 | Elf:2    | Killed Struensee's ghost
 31267 | Elf:3    | Entered Level 3 of the Elven Halls
 31472 | Elf:3    | Reached XP level 21. HP: 213/213 MP: 20/20
 31500 | Elf:3    | Identified the +0 scale mail "Xainitza" {^Contam rF+ Str+2
                  | Dex+4}
 31632 | Elf:3    | Identified the ring "Sihybig" {+Blink rF+ rC+ rN+}
 31653 | Elf:3    | Identified the +5 hand axe "Danipreda" {venom, Fly rN+
                  | Will++}
 31667 | Elf:3    | Identified the +3 buckler "Udari" {+Inv}
 31754 | Elf:3    | Found a runed translucent door.
 32143 | Elf:3    | Reached skill level 15 in Shields
 32505 | Crypt:1  | Entered Level 1 of the Crypt
 33257 | Crypt:2  | Noticed Xtahua
 33321 | Crypt:2  | Killed Xtahua
 33918 | Crypt:2  | Noticed Saint Roka
 33922 | Crypt:2  | Killed Saint Roka
 34051 | Crypt:3  | Entered Level 3 of the Crypt
 34258 | Crypt:3  | Noticed Margery
 34277 | Crypt:3  | Killed Margery
 34396 | Crypt:3  | Reached XP level 22. HP: 224/224 MP: 21/21
 34508 | Crypt:3  | Identified the +4 scale mail of Atrouff {rElec rF+ Regen+
                  | Str-2}
 34576 | Crypt:3  | Found a basalt altar of Yredelemnul.
 34815 | Crypt:3  | Identified the amulet "Bofekor" {*Slow rElec Will+++ Regen+
                  | SInv}
 35055 | Crypt:3  | Found a staircase to the Tomb.
 35254 | Crypt:3  | Identified the +10 chain mail "Gaxudith" {rCorr MP+9}
 35452 | Crypt:3  | Acquired the ring of Xom's Full Attention {rN+ Will+ AC+4
                  | Str+6}
 35787 | Depths:1 | Entered Level 1 of the Depths
 35787 | Depths:1 | Noticed a caustic shrike
 35837 | D:15     | Killed a caustic shrike
 35903 | D:15     | Reached skill level 15 in Fighting
 36087 | Depths:1 | Noticed Mara
 36106 | Depths:1 | Noticed mn3067's illusion
 36110 | D:15     | Upgraded the game from 0.32-a0-338-g4f8ebfe289 to
                  | 0.32-a0-355-ged53ad6fd3
 36170 | Depths:1 | Killed Mara
 36174 | Depths:1 | Noticed Asterion
 36183 | Depths:1 | Killed Asterion
 36217 | Depths:1 | Found a gateway to Hell.
 36234 | Depths:1 | Noticed Bai Suzhen
 36237 | Depths:1 | Killed Bai Suzhen
 36635 | Depths:2 | Noticed a golden dragon
 36645 | Depths:2 | Reached XP level 23. HP: 181/235 MP: 22/22
 36896 | Depths:2 | Noticed a juggernaut
 36901 | Depths:2 | Killed a juggernaut
 36936 | Depths:2 | You fall into a shaft and drop 1 floor!
 37497 | Depths:3 | Noticed Vv
 37507 | Depths:3 | Killed Vv
 37638 | Depths:2 | Found a one-way gate leading to the halls of Pandemonium.
 37708 | Depths:2 | Found a sparkling altar of Nemelex Xobeh.
 38253 | Depths:3 | Identified the +4 great mace of the Five Spines {heavy,
                  | ^Fragile rPois Stlth+}
 38508 | Depths:3 | Found a one-way gate to the infinite horrors of the Abyss.
 38694 | Depths:4 | Entered Level 4 of the Depths
 38700 | Depths:4 | Noticed a juggernaut
 38710 | Depths:4 | Killed a juggernaut
 38956 | Depths:4 | Found a gate to the Realm of Zot.
 39170 | Depths:4 | Reached XP level 24. HP: 234/249 MP: 22/22
 39538 | Depths:4 | Found a one-way gateway to a ziggurat.
 39922 | Slime:1  | Entered Level 1 of the Pits of Slime
 40054 | Slime:3  | Reached skill level 1 in Armour
 40631 | Slime:5  | Entered Level 5 of the Pits of Slime
 40750 | Slime:5  | Found a viscous altar of Jiyva.
 40750 | Slime:5  | Noticed the Royal Jelly
 40758 | Slime:5  | Reached skill level 5 in Armour
 40833 | Slime:5  | Killed the Royal Jelly
 41170 | Slime:5  | Got a slimy rune of Zot
 41201 | Slime:5  | Identified the +2 long sword of Doom {flame, rCorr}
 41203 | Slime:5  | Got the Codex of Concussion
 41211 | Slime:5  | Found the +5 Lochaber axe {reach-cleave, Poleaxe ^Drain}
 41225 | Slime:5  | Identified the +0 scale mail "Micask" {Int+3}
 42239 | Zot:1    | Entered Level 1 of the Realm of Zot
 43198 | Zot:2    | Reached XP level 25. HP: 198/260 MP: 22/22
 44379 | Zot:3    | Reached skill level 27 in Unarmed Combat
 44614 | Zot:3    | Noticed an orb of fire
 44616 | Zot:3    | Killed an orb of fire
 44777 | Zot:4    | Found a transporter.
 44782 | Zot:4    | Found the +8 longbow "Zephyr" {speed, Dex+3 SInv}
 44811 | Zot:4    | Found a transporter.
 44824 | Zot:4    | Identified the +2 dagger of Qocvusu {antimagic, Stlth+}
 45017 | Zot:4    | Identified the +5 broad axe of Botihetru {heavy, rC++
                  | Will+}
 45193 | Zot:4    | Noticed an orb of fire
 45208 | Zot:4    | Gained mutation: You have an increased reservoir of magic.
                  | (+10% MP) [an orb of fire]
 45210 | Zot:4    | Gained mutation: You occasionally lose the ability to drink
                  | potions when taking damage. [an orb of fire]
 45211 | Zot:4    | Killed an orb of fire
 45921 | Vaults:5 | Entered Level 5 of the Vaults
 45927 | Vaults:5 | Noticed a dread lich
 45933 | Vaults:5 | Killed a dread lich
 45940 | Vaults:5 | Reached skill level 10 in Armour
 46297 | Vaults:5 | Reached XP level 26. HP: 274/274 MP: 24/24
 46391 | Vaults:5 | Identified the +8 sling of Wusm {antimagic, rElec rPois
                  | Int+4 Stlth+}
 46482 | Vaults:5 | Got a silver rune of Zot
 46704 | Vaults:5 | Identified the +1 leather armour "Duzxos" {^Contam Fly
                  | rF+++ rCorr}
 46797 | Vaults:5 | Found Kogif's Jewellery Emporium.
 46812 | Vaults:5 | Identified the amulet "Somed" {Acrobat *Corrode ^Fragile
                  | rPois Str+10}
 46913 | Vaults:5 | Identified the +9 quarterstaff of a Million Friars {elec,
                  | rPois Int+3}
 46941 | Vaults:5 | Noticed an ancient lich
 46951 | Vaults:5 | Killed an ancient lich
 46957 | Vaults:5 | Found the +10 morningstar "Eos" {elec, Halo rElec}
 47453 | D:10     | Killed qwarkbark's ghost
 47641 | Zig:1    | Entered Level 1 of a ziggurat
 47661 | Zig:2    | Entered Level 2 of a ziggurat
 47662 | Zig:2    | Noticed Xutig the pandemonium lord
 47667 | Zig:2    | Killed Xutig the pandemonium lord
 47680 | Zig:2    | Identified the +1 helmet of Foolhardiness {Str+4}
 47683 | Zig:3    | Entered Level 3 of a ziggurat
 47725 | Zig:4    | Entered Level 4 of a ziggurat
 47746 | Zig:5    | Entered Level 5 of a ziggurat
 47767 | Zig:5    | Identified the +6 arbalest of Mana {penet, rF+ rC- Str+4}
 47770 | Zig:6    | Entered Level 6 of a ziggurat
 47775 | Zig:6    | Noticed Xelunas the pandemonium lord
 47786 | Zig:6    | Killed Xelunas the pandemonium lord
 47877 | Zig:7    | Entered Level 7 of a ziggurat
 48214 | Tomb:1   | Entered Level 1 of the Tomb of the Ancients
 48353 | Tomb:1   | Noticed a royal mummy
 48366 | Tomb:1   | Killed a royal mummy
 48422 | Tomb:1   | Noticed a royal mummy
 48426 | Tomb:1   | Killed a royal mummy
 48483 | Tomb:1   | Noticed a royal mummy
 48495 | Tomb:1   | Killed a royal mummy
 49065 | Tomb:2   | Noticed a royal mummy
 49067 | Tomb:2   | Noticed a royal mummy
 49072 | Tomb:2   | Noticed a royal mummy
 49072 | Tomb:2   | Killed a royal mummy
 49073 | Tomb:2   | Noticed a royal mummy
 49078 | Tomb:2   | Killed a royal mummy
 49078 | Tomb:2   | Killed a royal mummy
 49082 | Tomb:2   | Killed a royal mummy
 49541 | Tomb:1   | Noticed a royal mummy
 49556 | Tomb:1   | Killed a royal mummy
 49558 | Tomb:1   | Noticed a royal mummy
 49570 | Tomb:1   | Killed a royal mummy
 49571 | Tomb:1   | Reached XP level 27. HP: 291/291 MP: 24/24
 49585 | Tomb:1   | Noticed a royal mummy
 49595 | Tomb:1   | Killed a royal mummy
 49599 | Tomb:1   | Noticed a royal mummy
 49603 | Tomb:1   | Killed a royal mummy
 49611 | Tomb:1   | Noticed a royal mummy
 49612 | Tomb:1   | Noticed a royal mummy
 49613 | Tomb:1   | Noticed a royal mummy
 49617 | Tomb:1   | Killed a royal mummy
 49621 | Tomb:1   | Killed a royal mummy
 49627 | Tomb:1   | Killed a royal mummy
 49627 | Tomb:1   | Noticed a royal mummy
 49633 | Tomb:1   | Killed a royal mummy
 49660 | Tomb:1   | Noticed a royal mummy
 49663 | Tomb:1   | Noticed a royal mummy
 49667 | Tomb:1   | Killed a royal mummy
 49672 | Tomb:1   | Killed a royal mummy
 49691 | Tomb:1   | Noticed a royal mummy
 49692 | Tomb:1   | Noticed a royal mummy
 49697 | Tomb:1   | Noticed a royal mummy
 49699 | Tomb:1   | Killed a royal mummy
 49704 | Tomb:1   | Killed a royal mummy
 49705 | Tomb:1   | Noticed a royal mummy
 49706 | Tomb:1   | Noticed a royal mummy
 49708 | Tomb:1   | Killed a royal mummy
 49714 | Tomb:1   | Noticed a royal mummy
 49720 | Tomb:1   | Killed a royal mummy
 49721 | Tomb:1   | Reached skill level 15 in Armour
 49737 | Tomb:1   | Killed a royal mummy
 49747 | Tomb:1   | Killed a royal mummy
 49794 | Tomb:1   | Noticed a royal mummy
 49809 | Tomb:1   | Killed a royal mummy
 49952 | Tomb:3   | Entered Level 3 of the Tomb of the Ancients
 49958 | Tomb:3   | Identified the +3 robe "Xeicatan" {rN+ Str+4}
 49958 | Tomb:3   | Noticed Boris
 49963 | Tomb:3   | Noticed a royal mummy
 49963 | Tomb:3   | Noticed a royal mummy
 49967 | Tomb:3   | Found the +7 lajatang of Order {silver, rMut}
 49967 | Tomb:3   | Found the +6 shillelagh "Devastator" {shatter}
 49989 | Tomb:3   | Noticed a royal mummy
 49995 | Tomb:3   | Killed Boris
 50008 | Tomb:3   | Noticed a royal mummy
 50009 | Tomb:3   | Killed a royal mummy
 50015 | Tomb:3   | Killed a royal mummy
 50018 | Tomb:3   | Noticed a royal mummy
 50023 | Tomb:3   | Noticed a royal mummy
 50026 | Tomb:3   | Killed a royal mummy
 50027 | Tomb:3   | Noticed a royal mummy
 50035 | Tomb:3   | Noticed a royal mummy
 50064 | Tomb:3   | Noticed a royal mummy
 50067 | Tomb:3   | Killed a royal mummy
 50092 | Tomb:3   | Killed a royal mummy
 50102 | Tomb:3   | Killed a royal mummy
 50103 | Tomb:3   | Killed a royal mummy
 50110 | Tomb:3   | Killed a royal mummy
 50119 | Tomb:3   | Killed a royal mummy
 50161 | Tomb:3   | Identified the ring "Qikuotan" {rC+ rN+ Str+6}
 50162 | Tomb:3   | Identified the +5 broad axe of Qawih {flame, Int+3}
 50163 | Tomb:3   | Identified the ring of Lypn {rF+ rN+ Dex+6}
 50179 | Tomb:3   | Identified the ring "Syelone" {^Drain rElec rN+ Dex+6}
 50186 | Tomb:3   | Identified the staff "Urgholutu" {Fly rF+ rC+ Ice}
 50192 | Tomb:3   | Got the Tractate on Blasts and Cold
 50214 | Tomb:3   | Got the Reference Book on Sanguinary Firn
 50315 | Tomb:3   | Identified the +1 war axe "Larhoisa" {freeze, rPois rN+
                  | Str+3}
 50509 | Tomb:3   | Got a golden rune of Zot
 51066 | D:4      | Bought a phantom mirror for 1160 gold pieces
 51066 | D:4      | Bought a scroll of enchant armour for 217 gold pieces
 51307 | Pan      | Entered Pandemonium
 51454 | Pan      | Noticed Opeorim the pandemonium lord
 51463 | Pan      | Reached skill level 1 in Evocations
 51478 | Pan      | Killed Opeorim the pandemonium lord
 51504 | Pan      | Got a demonic rune of Zot
 51746 | Pan      | Found an exit through the horrors of the Abyss.
 52324 | Pan      | Noticed Anezoojira the pandemonium lord
 52430 | Pan      | Killed Anezoojira the pandemonium lord
 53027 | Pan      | Noticed Ceukhl Zoca the pandemonium lord
 53032 | Pan      | Killed Ceukhl Zoca the pandemonium lord
 53032 | Pan      | Reached skill level 5 in Evocations
 53566 | Pan      | Noticed Otoan the pandemonium lord
 53570 | Pan      | Killed Otoan the pandemonium lord
 53679 | Pan      | Found an exit through the horrors of the Abyss.
 53812 | Pan      | Identified the +6 quarterstaff "Orux" {holy, rElec Dex+7}
 55032 | Pan      | Noticed Loyrym Hasamm the pandemonium lord
 55051 | Pan      | Killed Loyrym Hasamm the pandemonium lord
 55526 | Pan      | Noticed Tatrov the pandemonium lord
 55545 | Pan      | Killed Tatrov the pandemonium lord
 56370 | Pan      | Found a corrupted altar of Lugonu.
 56608 | Pan      | Found an exit through the horrors of the Abyss.
 57523 | Pan      | Found a runed translucent door.
 57527 | Pan      | Found a runed translucent door.
 57527 | Pan      | Found a runed translucent door.
 57541 | Pan      | Found a runed translucent door.
 58171 | Pan      | Noticed Veilyic the pandemonium lord
 58173 | Pan      | Killed Veilyic the pandemonium lord
 58194 | Pan      | Identified the +5 dagger of False Hope {protect, +Blink
                  | Will++}
 58353 | Pan      | Noticed Huidghomp the pandemonium lord
 58396 | Pan      | Killed Huidghomp the pandemonium lord
 59214 | Pan      | Noticed Bedobor the pandemonium lord
 59310 | Pan      | Killed Bedobor the pandemonium lord
 59340 | Pan      | Acquired a manual of Necromancy
 59544 | Pan      | Found an exit through the horrors of the Abyss.
 59655 | Pan      | Entered the realm of Gloorx Vloq.
 59655 | Pan      | Found an exit through the horrors of the Abyss.
 60401 | Pan      | Noticed Gloorx Vloq
 60406 | Pan      | Killed Gloorx Vloq
 60435 | Pan      | Got a dark rune of Zot
 60562 | Pan      | Noticed Elielint the pandemonium lord
 60566 | Pan      | Killed Elielint the pandemonium lord
 60891 | Pan      | Found an exit through the horrors of the Abyss.
 61868 | Pan      | Identified the +0 tower shield "Sopach" {-Cast rN+ Regen+
                  | Dex+7}
 61950 | Pan      | Identified the +5 rapier of Sin {flame, Will+}
 62452 | Pan      | Identified the +7 tower shield of Moral Flaws {Rampage +Inv
                  | rF- rN+}
 62752 | Pan      | Identified the ring of Ewuxtacs {rElec rC+ EV+5}
 62752 | Pan      | Noticed a seraph
 62757 | Pan      | Killed a seraph
 62797 | Pan      | Found a glowing golden altar of the Shining One.
 62813 | Pan      | Got Rucehy's Dissertation on Aggregated Exhalation
 62815 | Pan      | Got Xuge's Cyclopedia of Stygian Jinxing
 62818 | Pan      | Identified the +6 glaive of Symmetry {flame, rPois rC+
                  | Int+3}
 62934 | Pan      | Reached skill level 27 in Shapeshifting
 63200 | Pan      | Identified the +0 tower shield "Mol Sui" {Rampage}
 63305 | Pan      | Found a glowing silver altar of Zin.
 63790 | Pan      | Found a white marble altar of Elyvilon.
 64061 | Pan      | Identified the +4 buckler of Gozag's Favour {-Tele rC-
                  | Will+++ Regen+}
 64564 | Pan      | Entered the realm of Mnoleg.
 64723 | Pan      | Found an exit through the horrors of the Abyss.
 64929 | Pan      | Noticed Mnoleg
 65006 | Pan      | Killed Mnoleg
 65544 | Pan      | Got a glowing rune of Zot
 65847 | Pan      | Noticed Omar the pandemonium lord
 65854 | Pan      | Killed Omar the pandemonium lord
 66088 | Pan      | Identified the +8 morningstar "Umuumedd" {speed, Will+
                  | Int+3}
 66332 | Pan      | Found an exit through the horrors of the Abyss.
 67036 | Pan      | Found a runed translucent door.
 67666 | Pan      | Noticed Kapray the pandemonium lord
 67676 | Pan      | Killed Kapray the pandemonium lord
 67813 | Pan      | Found an exit through the horrors of the Abyss.
 68115 | Pan      | Noticed Oprobiuq the pandemonium lord
 68118 | Pan      | Killed Oprobiuq the pandemonium lord
 68729 | Pan      | Found an exit through the horrors of the Abyss.
 68778 | Pan      | Noticed Duudut the pandemonium lord
 68789 | Pan      | Killed Duudut the pandemonium lord
 69458 | Pan      | Identified the +5 robe of Ignis's Pride {Str-3 Dex+6}
 69483 | Pan      | Found an exit through the horrors of the Abyss.
 69867 | Pan      | Noticed Wih Utt the pandemonium lord
 69892 | Pan      | Killed Wih Utt the pandemonium lord
 70146 | Pan      | Noticed Keoduoh the pandemonium lord
 70154 | Pan      | Killed Keoduoh the pandemonium lord
 70652 | Pan      | Identified the +1 shortbow of Risk Management {heavy, rElec
                  | SInv}
 71190 | Pan      | Noticed Vipnouh the pandemonium lord
 71201 | Pan      | Killed Vipnouh the pandemonium lord
 71259 | Pan      | Found an exit through the horrors of the Abyss.
 71834 | Pan      | Found an exit through the horrors of the Abyss.
 72011 | Pan      | Noticed Qosymax the pandemonium lord
 72017 | Pan      | Killed Qosymax the pandemonium lord
 72434 | Pan      | Found a runed translucent door.
 72630 | Pan      | Found a runed translucent door.
 72630 | Pan      | Found a runed translucent door.
 72642 | Pan      | Found a runed translucent door.
 72963 | Pan      | Noticed Itimozop the pandemonium lord
 72964 | Pan      | Killed Itimozop the pandemonium lord
 73001 | Pan      | Entered the realm of Lom Lobon.
 73047 | Pan      | Noticed Mennas
 73057 | Pan      | Killed Mennas
 73441 | Pan      | Noticed Lom Lobon
 73456 | Pan      | Killed Lom Lobon
 73540 | Pan      | Got a magical rune of Zot
 74199 | Pan      | Entered the realm of Cerebov.
 74920 | Pan      | Identified the +8 shortbow "Isitroec" {drain, rC++}
 74977 | Pan      | Found the +6 sword of Cerebov {flame}
 74977 | Pan      | Noticed Cerebov
 74992 | Pan      | Killed Cerebov
 75086 | Pan      | Got a fiery rune of Zot
 75111 | Pan      | Identified the +1 robe of Tender Moments {*Corrode rPois
                  | Dex+3 SInv}
 75219 | Pan      | Identified the ring of Birdsong {Fly Str+3 Int+2}
 75321 | Pan      | Identified the +5 dire flail of Scorn {freeze, Int+2}
 75325 | Pan      | Got the Book of Changed Left-Handed Words
 75660 | Pan      | Found a runed translucent door.
 75733 | Pan      | Identified the +4 ring mail of the Lotus Blossom {Slay+5}
 75814 | Pan      | Found a runed translucent door.
 75816 | Pan      | Found a runed translucent door.
 75847 | Pan      | Noticed Voephull the pandemonium lord
 75849 | Pan      | Found a runed translucent door.
 75894 | Pan      | Found an exit through the horrors of the Abyss.
 76222 | Pan      | Killed Voephull the pandemonium lord
 76232 | Pan      | Identified the staff "Quzusaf" {Fly rC+ rCorr Str-5 Ice
                  | Air}
 76297 | Pan      | Took an exit into the Abyss.
 76297 | Abyss:1  | Escaped into the Abyss
 76455 | Abyss:1  | Found a corrupted altar of Lugonu.
 76596 | Abyss:1  | Found a corrupted altar of Lugonu.
 76976 | Abyss:3  | Found a corrupted altar of Lugonu.
 76992 | Abyss:3  | Found a corrupted altar of Lugonu.
 77174 | Abyss:3  | Found a corrupted altar of Lugonu.
 77460 | Abyss:3  | Noticed an ancient lich
 77460 | Abyss:3  | Noticed a dread lich
 77466 | Abyss:3  | Killed an ancient lich
 77470 | Abyss:3  | Noticed an ancient lich
 77471 | Abyss:3  | Killed a dread lich
 77479 | Abyss:3  | Killed an ancient lich
 77484 | Abyss:3  | Got an abyssal rune of Zot
 77548 | Depths:2 | Escaped the Abyss
 77596 | Hell     | Entered the Vestibule of Hell
 77604 | Hell     | Noticed Geryon
 77616 | Hell     | Killed Geryon
 77756 | Hell     | Reached skill level 27 in Fighting
 77783 | Hell     | Reached skill level 10 in Dodging
 77810 | Hell     | Found a gateway to the ashen valley of Gehenna.
 77873 | Hell     | Found a gateway to the decaying netherworld of Tartarus.
 77967 | Hell     | Paralysed by a wendigo for 1 turns
 77968 | Hell     | Found a gateway to the freezing wastes of Cocytus.
 78070 | Hell     | Found a gateway to the Iron City of Dis.
 78212 | Dis:1    | Entered Level 1 of the Iron City of Dis
 78518 | Dis:4    | You are sucked into a shaft and drop 2 floors!
 78522 | Dis:7    | Entered Level 7 of the Iron City of Dis
 78740 | Dis:7    | Identified the +6 falchion of the Mind {speed, rF- rC-
                  | Str+7 SInv}
 79241 | Dis:7    | Noticed a juggernaut
 79250 | Dis:7    | Noticed a juggernaut
 79260 | Dis:7    | Killed a juggernaut
 79261 | Dis:7    | Killed a juggernaut
 79274 | Dis:7    | Noticed a juggernaut
 79278 | Dis:7    | Killed a juggernaut
 79287 | Dis:7    | Reached skill level 15 in Dodging
 79287 | Dis:7    | Noticed the Serpent of Hell
 79327 | Dis:7    | Killed the Serpent of Hell
 79360 | Dis:7    | Noticed Dispater
 79378 | Dis:7    | Killed Dispater
 79466 | Dis:7    | Identified the +8 battleaxe of Nouwim {speed, Int+3}
 79470 | Dis:7    | Got an iron rune of Zot
 79472 | Dis:7    | Identified the +2 robe of Mudid {rPois rC+}
 80004 | Tar:1    | Entered Level 1 of Tartarus
 80030 | Tar:1    | You are sucked into a shaft and drop 1 floor!
 80847 | Tar:7    | Entered Level 7 of Tartarus
 81276 | Tar:7    | Noticed Ereshkigal
 81287 | Tar:7    | Killed Ereshkigal
 81318 | Tar:7    | Found the +1 cloak of Starlight {*Dazzle EV+4 Stlth--}
 81323 | Tar:7    | Identified the +6 spear "Syras" {freeze, rElec Will+ Str+4
                  | Int+2}
 81329 | Tar:7    | Got a bone rune of Zot
 81464 | Tar:7    | Identified the +5 scale mail of the Durable Jabberwock
                  | {Str+3}
 81954 | Tar:7    | Identified the +10 whip "Tuciac" {elec, Int+3}
 82925 | Tar:7    | Reached skill level 27 in Shields
 82985 | Coc:1    | Entered Level 1 of Cocytus
 82985 | Coc:1    | Noticed a dread lich
 82989 | Coc:1    | Killed a dread lich
 82991 | Coc:1    | Paralysed by a wendigo for 1 turns
 83189 | Coc:5    | Paralysed by a wendigo for 1 turns
 83429 | Coc:7    | Entered Level 7 of Cocytus
 83538 | Coc:7    | Paralysed by a wendigo for 1 turns
 83642 | Coc:7    | Paralysed by a wendigo for 1 turns
 83716 | Coc:7    | Identified the staff of the Distant Future {*Corrode rPois
                  | Str+3 Dex+4 Alchemy}
 83890 | Coc:7    | Paralysed by a wendigo for 1 turns
 84018 | Coc:7    | Noticed Antaeus
 84035 | Coc:7    | Killed Antaeus
 84057 | Coc:7    | Got an icy rune of Zot
 84063 | Coc:7    | Identified the ring "Ufreiz" {Ice Dex+4}
 84209 | Coc:7    | Noticed a dread lich
 84214 | Coc:7    | Killed a dread lich
 84228 | Coc:7    | Got the Omnibus of the Mortuary and the Maleficium
 84778 | Geh:1    | Entered Level 1 of Gehenna
 85160 | Geh:4    | Reached skill level 27 in Armour
 85224 | Geh:5    | Noticed a dread lich
 85228 | Geh:5    | You are sucked into a shaft and drop 1 floor!
 85249 | Geh:7    | Entered Level 7 of Gehenna
 86088 | Geh:7    | Found the +13 sceptre of Asmodeus
 86088 | Geh:7    | Noticed Asmodeus
 86108 | Geh:7    | Killed Asmodeus
 86196 | Geh:7    | Got an obsidian rune of Zot
 86700 | Zot:5    | Entered Level 5 of the Realm of Zot
 86749 | Zot:5    | Found a huge runed translucent gate.
 86749 | Zot:5    | Found a huge runed translucent gate.
 86749 | Zot:5    | Found a huge runed translucent gate.
 86749 | Zot:5    | Found a huge runed translucent gate.
 86766 | Zot:5    | Acquired the +0 mask of the Dragon {Will+ Slay+3 SInv}
 86766 | Zot:5    | Found the +0 mask of the Dragon {Will+ Slay+3 SInv}
 86874 | Zot:5    | Found a huge runed translucent gate.
 86875 | Zot:5    | Found a huge runed translucent gate.
 86875 | Zot:5    | Found a huge runed translucent gate.
 86875 | Zot:5    | Found a huge runed translucent gate.
 86876 | Zot:5    | Found a huge runed translucent gate.
 86876 | Zot:5    | Found a huge runed translucent gate.
 86876 | Zot:5    | Found a huge runed translucent gate.
 86877 | Zot:5    | Found a huge runed translucent gate.
 86879 | Zot:5    | Found a huge runed translucent gate.
 86879 | Zot:5    | Found a huge runed translucent gate.
 86884 | Zot:5    | Found a huge runed translucent gate.
 86884 | Zot:5    | Found a huge runed translucent gate.
 86889 | Zot:5    | Found a huge runed translucent gate.
 86892 | Zot:5    | Found a huge runed translucent gate.
 86893 | Zot:5    | Found a huge runed translucent gate.
 86893 | Zot:5    | Found a huge runed translucent gate.
 86893 | Zot:5    | Found a huge runed translucent gate.
 86895 | Zot:5    | Found a huge runed translucent gate.
 86896 | Zot:5    | Found a huge runed translucent gate.
 86897 | Zot:5    | Found a huge runed translucent gate.
 86897 | Zot:5    | Found a huge runed translucent gate.
 86900 | Zot:5    | Found a huge runed translucent gate.
 86902 | Zot:5    | Found a huge runed translucent gate.
 86902 | Zot:5    | Found a huge runed translucent gate.
 86907 | Zot:5    | Found a huge runed translucent gate.
 86973 | Zot:5    | Found a huge runed translucent gate.
 86973 | Zot:5    | Found a huge runed translucent gate.
 86974 | Zot:5    | Found a huge runed translucent gate.
 86976 | Zot:5    | Found a huge runed translucent gate.
 86976 | Zot:5    | Found a huge runed translucent gate.
 86976 | Zot:5    | Found a huge runed translucent gate.
 86977 | Zot:5    | Found a huge runed translucent gate.
 87096 | Zot:5    | Identified the +9 rapier of Inflation {flame, rElec rCorr}
 87181 | Zot:5    | Found the +1 eveningstar "Brilliance" {foul flame, Halo}
 87184 | Zot:5    | Noticed a dread lich
 87200 | Zot:5    | Killed a dread lich
 87345 | Zot:5    | Noticed an ancient lich
 87353 | Zot:5    | Killed an ancient lich
 87371 | Zot:5    | Noticed an orb of fire
 87372 | Zot:5    | Killed an orb of fire
 87385 | Zot:5    | Noticed an orb of fire
 87388 | Zot:5    | Killed an orb of fire
 87652 | Zot:5    | Noticed an orb of fire
 87653 | Zot:5    | Noticed an ancient lich
 87658 | Zot:5    | Killed an orb of fire
 87659 | Zot:5    | Noticed a dread lich
 87659 | Zot:5    | Killed an ancient lich
 87664 | Zot:5    | Killed a dread lich
 87681 | Zot:5    | Noticed an ancient lich
 87687 | Zot:5    | Killed an ancient lich
 87979 | Zot:5    | Got the Orb of Zot
 88184 | Zot:1    | Noticed Olyvafui the pandemonium lord
 88701 | D:$      | Escaped with the Orb!

Illustrated notes

Levels and vault maps discovered:
D:1:      dpeg_arrival_lava_temple_mockup, layout_loops_ring,
          hellmonk_ecumenical_altar_watching_god, nrook_mini_backslash
D:2:      cheibrodos_greedy_goblins, layout_loops_corners
D:3:      layout_basic, minmay_misc_feat_four_crosses
D:4:      layout_rooms, nicolae_sif_muna_condensation, xom_butterflies,
          enter_ossuary_2, serial_glass, glass_columns_a, glass_columns_c,
          serial_shops, shop, uniq_menkaure
D:5:      layout_basic, okawaru_gym_becter, uniq_blork_the_orc
D:6:      layout_cave_pods, general_overflow_altar,
          minmay_temple_entry_drinking_statues
D:7:      layout_basic, serial_library_hellmonk_room_a, david_defended_altar_orc
D:8:      layout_loops_ring, serial_shops, shop, minmay_misc_feat_encased,
          minmay_circle_x
D:9:      layout_basic, fedhas_bush_and_centaur_altar,
          mainiacjoe_overflow_large_starburst,
          worldfamousw_hep_ancestral_shrine, nicolae_nh_ransacked_shop,
          uniq_jeremiah
D:10:     layout_loops_ring, gammafunk_temple_overflow_wave, ebering_ghost_xom,
          uniq_psyche
D:11:     layout_irregular_city, lair_entry_dummy, orc_david_3
D:12:     layout_cross, serial_shops, shop, gauntlet_entry_generic,
          nicolae_ru_great_annihilating_truth
D:13:     layout_roguey, gammafunk_ghost_nasty_kobolds, serial_bayou_pond_d
D:14:     layout_loops_cross, grunt_vaults_entry_tiered,
          chequers_serial_rivers_micro_c, uniq_nessos
D:15:     gammafunk_depths_entry_grave, layout_gridville, palyth_stone_intersect
Temple:   minmay_temple_forest_path
Lair:1:   layout_regular_city, lemuel_fruit_tree, uniq_urug
Lair:2:   layout_long_grid, minmay_swamp_entry_wisps,
          minmay_snake_entry_six_corridors, lemuel_oklob_altar
Lair:3:   layout_cave_pods
Lair:4:   dreamdust_cave_troll, layout_long_grid
Lair:5:   minmay_lair_end_frog_pond, layout_loops_ring,
          minmay_slime_entry_pillars, lightli_volcano_entry_magma_tube,
          serial_bayou_shore_b, uniq_josephine, uniq_kirke
Swamp:1:  layout_basic_swamp, nicolae_swamp_orc_logging_accident, swamp_pool_5,
          uniq_roxanne
Swamp:2:  layout_falls_marsh, evilmike_swamp_ruin_wall,
          infiniplex_staircase_pool_2, nicolae_swamp_decorative_isthmus,
          uniq_frances
Swamp:3:  layout_basic_swamp, evilmike_swamp_ruin_house_2, swamp_pool_1_2,
          nicolae_swamp_tree_isthmus, uniq_nikola
Swamp:4:  byrel_swamp_growth_death_and_undeath, layout_basic_swamp
Snake:1:  layout_cave_pods, serial_bayou_shore_b, serial_bayou_shore_a,
          uniq_agnes
Snake:2:  layout_misc_corridors, uniq_mlioglotl
Snake:3:  layout_misc_corridors, grunt_ministairs_15,
          nicolae_snake_the_dead_are_slithering, minmay_shop_grove, uniq_donald
Snake:4:  snake_pit, layout_onion
Slime:1:  layout_caves
Slime:2:  cheibrodos_slime_lost_civilization_3, layout_caves
Slime:3:  layout_caves
Slime:4:  layout_caves
Slime:5:  slime_pit_nicolae_block_by_block
Orc:1:    layout_caves, regret_index_minedec_shroomtown_chain
Orc:2:    grunt_orc_tribal_feast, layout_caves, nicolae_orc_beogh_chapel,
          uniq_rupert
Elf:1:    layout_geoelf_octagon, serial_shops, nicolae_square_shop,
          nicolae_elf_crossing_hall, minmay_shoptagon
Elf:2:    nicolae_elf_blades_crystal_corner, layout_onion_city,
          ebering_ghost_reflecting_pool, uniq_jorgrun, uniq_aizul
Elf:3:    minmay_elf_hall_dome, layout_rooms, nicolae_danse_macabre
Vaults:1: v_rooms_5, vaults_standard_mumra_enter_the_diamond, v_misc_30,
          nicolae_vaults_yaktaur_gun_rack, nicolae_vaults_shipping_containers_7,
          vaults_room_fours, nicolae_vaults_six-pack,
          vaults_room_stairs_pillars, layout_vaults_omnigrid, serial_shops,
          nicolae_shop_window_shopping
Vaults:2: hangedman_vaults_slice, minmay_crypt_entry_simple_sparse,
          nicolae_vaults_turnstiles, hangedman_vaults_capsules,
          nicolae_vaults_more_shelving_1, nicolae_vaults_weapon_check,
          nicolae_vaults_sesquioval_fish, nicolae_vaults_surprise_closet_hard,
          nicolae_vaults_diamond_2, layout_vaults_big_room, serial_shops, shop,
          nicolae_shop_hallway_plus, shop, nicolae_shop_stone
Vaults:3: vaults_room_fours, hangedman_vaults_snaps, v_alt_pattern_5,
          nicolae_vaults_offset_grid_hallway_3,
          nicolae_vaults_taking_the_gang_shopping, vaults_dpeg_doors,
          v_alt_pattern_3, nicolae_vaults_sightless_eye,
          hangedman_vaults_stagger, v_misc_19, nicolae_vaults_tetromino_Z_2,
          layout_vaults_ring, serial_shops, bzr_entry_customers
Vaults:4: vaults_room_boxed, nicolae_vaults_little_squares_1,
          nicolae_vaults_little_guard_posts, v_misc_29, v_pattern_2,
          nicolae_vaults_network_barrier, v_misc_14,
          nicolae_vaults_variable_pillar_hall, layout_vaults_omnicross,
          serial_shops, shop, uniq_jory, uniq_norris
Vaults:5
Crypt:1:  layout_rooms, nicolae_crypt_fancy_cubbyholes,
          roderic_lattice_octagonal_star
Crypt:2:  layout_regular_city, lemuel_elevator, uniq_saint_roka, uniq_xtahua
Crypt:3:  evilmike_haunted_forest, uniq_margery
Tomb:1
Tomb:2
Tomb:3:   uniq_boris
Depths:1: layout_cave_pools, hell_entry, evilmike_ambush
          [evilmike_ambush_outer_basic, evilmike_ambush_inner_pond], uniq_mara,
          uniq_bai_suzhen, uniq_asterion
Depths:2: minmay_bad_star, layout_twisted_cross, nemelex_diamond_rough_becter,
          grunt_metal_band, pan_entry
Depths:3: minmay_the_grid_3x3 [minmay_the_grid_outer_diamond,
          minmay_the_grid_outer_circle, minmay_the_grid_box_x,
          minmay_the_grid_dragon_a, minmay_the_grid_garden,
          minmay_the_grid_armoury, minmay_the_grid_airy, minmay_the_grid_tree,
          minmay_the_grid_prize_diamond_cup], layout_honeycomb, hell_entry,
          serial_glass, glass_columns_a, glass_columns_a,
          abyss_entry_small_statue_room, hex_tiny, uniq_vv
Depths:4: grunt_twist_and_shout, layout_gridlike, enter_ziggurat_a, hellmouth_1,
          fountainhead
Hell
Dis:1:    layout_regular_city, minmay_strange_pillars
Dis:2:    layout_overlapping_boxes
Dis:3:    layout_gridville, nicolae_dis_scattering
Dis:4:    layout_jigsaw
Dis:6:    layout_regular_city, nicolae_hells_seeping_fissure
Dis:7:    dis_grunt_layers
Geh:1:    layout_gehenna_pools_basic
Geh:2:    layout_gehenna_pools_triple
Geh:3:    layout_gehenna_pools_box, nicolae_geh_fourpack
Geh:4:    layout_gehenna_lava_caves
Geh:5:    layout_gehenna_pools_box, special_room [special_room_morgue]
Geh:6:    nicolae_hells_demon_pit, layout_gehenna_pools_basic,
          hangedman_elemental_grid_stream
Geh:7:    geh_hangedman
Coc:1:    layout_cocytus_water_paths
Coc:2:    layout_cocytus_water_paths
Coc:3:    layout_cocytus_water_paths
Coc:4:    layout_cocytus_water_paths
Coc:5:    layout_ice_bergs
Coc:6:    layout_ice_bergs
Coc:7:    coc_mu
Tar:1:    layout_grid_maze
Tar:2:    layout_catacombs
Tar:3:    layout_honeycomb, lemuel_nasty_fountain
Tar:4:    layout_catacombs, lemuel_nasty_fountain
Tar:5:    layout_catacombs
Tar:6:    nicolae_tar_funeral_procession, layout_cathedral_of_symmetry
Tar:7:    tar_minmay_river
Zot:1:    layout_gridville, grunt_megastairs_3
Zot:2:    layout_gridlike, bh_zot_levy_curve, grunt_ministairs_13
Zot:3:    layout_misc_corridors, grunt_megastairs_1
Zot:4:    gammafunk_sealed_arena, layout_basic
Zot:5:    layout_onion, door_vault

Skill      XL: |  1  2  3  4  5  6  7  8  9 10 11 12 13 14 15 16 17 18 19 20 21 22 23 24 25 26 27 |
---------------+----------------------------------------------------------------------------------+-----
Shields        | 3 4 5 6 7 8 9 11 12 13 14 15 16 27 | 27.0
Unarmed Combat | 3 4 5 6 7 9 10 12 13 14 16 17 19 20 21 23 24 25 26 27 | 27.0
Dodging        | 3 4 5 6 7 8 9 22 | 22.6
Fighting       | 3 4 5 6 7 8 9 10 11 12 13 14 15 16 18 19 27 | 27.0
Shapeshifting  | 3 4 9 13 16 17 18 19 20 21 22 23 27 | 27.0
Armour         | 8 10 13 27 | 27.0
Evocations     | 6 |  6.8

Action                     |  1- 3 |  4- 6 |  7- 9 | 10-12 | 13-15 | 16-18 | 19-21 | 22-24 | 25-27 || total
---------------------------+-------+-------+-------+-------+-------+-------+-------+-------+-------++-------
  Melee: Unarmed           |    83 |   146 |   351 |   570 |  1027 |  1041 |  1099 |  1378 |  9344 || 15039
  Throw: Javelin           |       |       |       |     3 |       |       |       |       |       ||     3
 Invoke: Serpent's Lash    |       |       |       |       |     7 |    10 |     5 |     8 |    42 ||    72
         Heavenly Storm    |       |       |       |       |       |       |     2 |     2 |    10 ||    14
Ability: Lunge             |       |       |       |    29 |    61 |    76 |    82 |   120 |   757 ||  1125
         Whirlwind         |       |       |       |    73 |   255 |   100 |   115 |   237 |  1368 ||  2148
         Wall Jump         |       |       |       |       |     2 |     3 |     1 |     4 |       ||    10
  Evoke: Lightning rod     |       |       |       |     4 |     3 |       |       |       |       ||     7
         Wand              |       |       |       |       |       |       |       |     1 |       ||     1
         Phantom mirror    |       |       |       |       |       |       |       |       |     2 ||     2
    Use: Scroll            |       |     7 |       |     8 |     9 |    10 |     3 |    10 |    39 ||    86
         Potion            |       |       |     1 |     7 |     1 |     2 |     1 |     1 |     6 ||    19
   Stab: Sleeping          |     2 |     1 |     1 |     1 |     2 |     1 |     1 |     1 |       ||    10
         Invisible         |       |       |       |     1 |       |     6 |       |       |       ||     7
         Petrified         |       |       |       |       |     1 |       |       |       |     1 ||     2
         Distracted        |       |       |       |       |       |       |     3 |     2 |     6 ||    11
         Fleeing           |       |       |       |       |       |       |       |     1 |       ||     1
         Paralysed         |       |       |       |       |       |       |       |       |     1 ||     1
 Armour: Robe              |    28 |    59 |   116 |       |       |       |       |       |       ||   203
         Steam dragon scal |       |       |   102 |   175 |       |       |       |       |       ||   277
         Troll leather arm |       |       |       |   195 |    58 |       |       |       |       ||   253
         Skin              |       |       |       |       |   800 |   933 |   946 |   988 |   437 ||  4104
         Gold dragon scale |       |       |       |       |       |       |       |   131 |  3021 ||  3152
  Dodge: Dodged            |    25 |    52 |   128 |   177 |   578 |   548 |   476 |   514 |  1358 ||  3856
  Block: Kite shield       |    17 |    31 |   203 |   271 |   780 |  1081 |   993 |   838 |    54 ||  4268
         Reflection        |       |       |       |       |       |    82 |    47 |       |       ||   129
         Tower shield      |       |       |       |       |       |       |       |       |  5714 ||  5714
   Form: Beast             |       |       |       |     1 |       |       |       |       |       ||     1
         Statue            |       |       |       |       |     1 |       |     1 |     1 |       ||     3
                           |       |       |       |       |       |       |     1 |       |     3 ||     4
         Death             |       |       |       |       |       |       |       |     1 |     4 ||     5

Table legend: (Time is in decaauts)
 A = Elapsed time spent in this place.
 B = Non-inter-level travel time spent in this place.
 C = Inter-level travel time spent in this place.
 D = Time resting spent in this place.
 E = Time spent auto-exploring this place.
 F = Levels seen in this place.
 G = Mean time per level.
                   A        B        C        D        E       F      G
               +--------+--------+--------+--------+--------+-----+--------+
         Total | 101368 |  91406 |   9962 |    309 |  67493 | 127 |  798.2 |
       Dungeon |  15122 |  12433 |   2689 |     65 |   9415 |  15 | 1008.1 |
        Temple |      1 |      1 |      0 |      0 |      0 |   1 |    1.0 |
          Lair |   5298 |   4516 |    782 |      0 |   3374 |   5 | 1059.6 |
         Swamp |   3669 |   3401 |    268 |      0 |   2619 |   4 |  917.2 |
     Snake Pit |   5717 |   4902 |    815 |     43 |   3829 |   4 | 1429.2 |
    Slime Pits |   1930 |   1837 |     93 |     85 |   1341 |   5 |  386.0 |
  Orcish Mines |   1718 |   1547 |    171 |      0 |   1204 |   2 |  859.0 |
   Elven Halls |   4370 |   4017 |    353 |      0 |   3201 |   3 | 1456.7 |
        Vaults |   9326 |   8195 |   1131 |     54 |   6363 |   5 | 1865.2 |
         Crypt |   4642 |   4045 |    597 |      0 |   3049 |   3 | 1547.3 |
          Tomb |   2522 |   2132 |    390 |      0 |   1327 |   3 |  840.7 |
        Depths |   6196 |   5212 |    984 |      0 |   4044 |   4 | 1549.0 |
          Hell |    746 |    506 |    240 |      0 |    255 |   1 |  746.0 |
           Dis |   1644 |   1540 |    104 |      0 |   1054 |   6 |  274.0 |
       Gehenna |   1562 |   1396 |    166 |      0 |    932 |   7 |  223.1 |
       Cocytus |   1535 |   1389 |    146 |      0 |    814 |   7 |  219.3 |
      Tartarus |   2713 |   2417 |    296 |      0 |   1858 |   7 |  387.6 |
           Zot |   6329 |   5595 |    734 |     15 |   4501 |   5 | 1265.8 |
         Abyss |   1078 |   1078 |      0 |      0 |    487 |   3 |  359.3 |
   Pandemonium |  23554 |  23554 |      0 |     47 |  16791 |  26 |  905.9 |
      Ziggurat |    470 |    470 |      0 |      0 |    279 |   7 |   67.1 |
        Bazaar |     49 |     49 |      0 |      0 |     40 |   1 |   49.0 |
       Ossuary |    276 |    276 |      0 |      0 |    164 |   1 |  276.0 |
       Volcano |    374 |    374 |      0 |      0 |    175 |   1 |  374.0 |
      Gauntlet |    517 |    517 |      0 |      0 |    372 |   1 |  517.0 |
               +--------+--------+--------+--------+--------+-----+--------+

Top non-repeatable levels by time:
 Crypt:3: 2426 daAuts
Depths:3: 2125 daAuts
Vaults:4: 2069 daAuts
Vaults:1: 1987 daAuts
   Tar:7: 1956 daAuts
Vaults:2: 1845 daAuts
 Snake:1: 1841 daAuts
Depths:4: 1838 daAuts
Vaults:5: 1816 daAuts
    D:15: 1789 daAuts
   Elf:2: 1687 daAuts
Vaults:3: 1607 daAuts
 Snake:4: 1603 daAuts
    D:13: 1601 daAuts
   Zot:2: 1548 daAuts
